Cogmind - Beta 16.1 @@@ ROGUE MODE // 2026.02.17 @ 14:09:30 Player: shapeshifter Result: Escaped! Performance ------------- Evolutions (9) 4500 Regions Visited (25) 5000 Robots Destroyed (140) 700 Value Destroyed (6116) 6116 Prototype IDs (55) 1100 Alien Tech Used (1) 200 Bonus (9511) 9511 TOTAL SCORE: 27127 Bonus ------- Triggered Max Security 1000 High Alert Combat Kills 379 Follower Combat Kills 1804 Aligned with FarCom 300 Met Data Miner 300 Met Zhirov 300 Met Warlord at Base 500 MAIN.C Attacked Warlord 500 Warlord Defense Kills 400 Built Enhanced Grunts 300 A7 Reached Mainframe 300 Met R17 at Cetus 500 Met R17 at Research 2000 Win 3000 Friendly Fire -2072 Cogmind --------- Core Integrity 1288/1600 Matter 39/300 Energy 99/100 System Corruption 2% Temperature Cool (2) Movement Flying (117) Ox1 Location To Epsilon Eridani Parts ------- > --- POWER (3) -------- Fusion Compressor Matter Drive > --- PROPULSION (10) -- Cooled Cesium-ion Thruster Impulse Thruster Array > --- UTILITY (10) ----- Advanced Heat Sink Experimental Optical Array Advanced Terrain Scanner Advanced Terrain Scan Processor Advanced Terrain Scan Processor Advanced Target Analyzer Advanced Thermal Shield Hacking Suite > --- WEAPON (2) ------- Enhanced Force Lance Enhanced Force Lance > --- INVENTORY (5) ---- Advanced ECM Suite Minesniffer Drone Bay (10/10) Centrium Greatsword Peak State ------------ > --- POWER ------------ Compact Particle Reactor Compact Particle Reactor > --- PROPULSION ------- Cooled Nuclear Pulse Thruster Impulse Thruster Field Propulsion Array Electron Diverter Electron Diverter Impulse Thruster Array > --- UTILITY ---------- Experimental Optical Array Improved Melee Analysis Suite Improved Melee Analysis Suite Microactuators Improved Phase Shifter Centrium Medium Armor Plating Centrium Medium Armor Plating Centrium Medium Armor Plating Improved Hacking Suite > --- WEAPON ----------- Power Maul Vortex Lance > --- INVENTORY -------- Experimental Optical Array Experimental Optical Array Minesniffer Drone Bay [Rating: 154] Favorites ----------- Power Backup Power VII Engine Deuterium Engine Power Core Backup Power VII Reactor Light Antimatter Reactor Propulsion Carbon-fiber Leg Leg Carbon-fiber Leg Flight Unit Electron Diverter Utility Improved Melee Analysis Suite Device Microactuators Storage Large Storage Unit Processor Improved Melee Analysis Suite Hackware System Shield Protection Improved Medium Armor Plating Weapon Power Maul Impact Weapon Power Maul Slashing Weapon Axe Piercing Weapon Makeshift Spear Build | -11 -10 -10 -10 -9 -8 -7 -7 -7 -7 -6 -6 -5 -5 -5 -5 -4 -4 -4 -4 -4 -4 -3 -2 -2 -1 ------- Run | Yrd Mat Min Exi Min Mat Fac Low Low Dat Pro Fac Fac Upp Upp War Pro Fac Ext Cet Arc Hub Res Res Qua Acc Slots Evolved 18 | . . . . . 4 2 . . . . 2 2 . . . . 2 . . . . 2 2 . 2 Power 2 | . . . . . . . . . . . 1 . . . . . . . . . . . . . 1 Propulsion 8 | . . . . . 1 1 . . . . . 1 . . . . 1 . . . . 2 1 . 1 Utility 8 | . . . . . 3 1 . . . . 1 1 . . . . 1 . . . . . 1 . . Weapon . | . . . . . . . . . . . . . . . . . . . . . . . . . . Parts Attached 184 | 3 . 4 2 1 11 9 5 . . 6 13 4 4 14 16 13 18 8 2 . . 43 5 . 3 Power 28 | 1 . . 1 . 2 2 1 . . 1 1 . 2 1 2 2 4 . . . . 6 1 . 1 Engine 8 | 1 . . 1 . 1 1 . . . . 1 . 1 . 1 . 1 . . . . . . . . Core 9 | . . . . . 1 1 1 . . . . . 1 1 . . 3 . . . . . 1 . . Reactor 11 | . . . . . . . . . . 1 . . . . 1 2 . . . . . 6 . . 1 Propulsion 53 | 2 . . . . 5 1 . . . 2 4 . . 5 5 4 5 1 . . . 18 . . 1 Treads . | . . . . . . . . . . . . . . . . . . . . . . . . . . Leg 28 | 2 . . . . 5 1 . . . 2 4 . . 5 5 4 . . . . . . . . . Wheel . | . . . . . . . . . . . . . . . . . . . . . . . . . . Hover . | . . . . . . . . . . . . . . . . . . . . . . . . . . Flight 25 | . . . . . . . . . . . . . . . . . 5 1 . . . 18 . . 1 Utility 83 | . . 1 1 . 4 5 3 . . 1 7 4 2 7 7 5 9 5 2 . . 17 2 . 1 Device 27 | . . . . . 1 2 . . . . 1 1 . 1 3 2 3 3 . . . 9 1 . . Storage 4 | . . . . . 1 1 . . . . 1 . . 1 . . . . . . . . . . . Processor 19 | . . . . . . . . . . . 4 . . 2 1 1 3 . . . . 7 . . 1 Hackware 11 | . . . 1 . 2 1 1 . . . 1 1 . . . . 3 . . . . . 1 . . Protection 22 | . . 1 . . . 1 2 . . 1 . 2 2 3 3 2 . 2 2 . . 1 . . . Artifact . | . . . . . . . . . . . . . . . . . . . . . . . . . . Weapon 20 | . . 3 . 1 . 1 1 . . 2 1 . . 1 2 2 . 2 . . . 2 2 . . Energy Gun . | . . . . . . . . . . . . . . . . . . . . . . . . . . Energy Cannon . | . . . . . . . . . . . . . . . . . . . . . . . . . . Ballistic Gun . | . . . . . . . . . . . . . . . . . . . . . . . . . . Ballistic Cannon . | . . . . . . . . . . . . . . . . . . . . . . . . . . Launcher . | . . . . . . . . . . . . . . . . . . . . . . . . . . Special Weapon . | . . . . . . . . . . . . . . . . . . . . . . . . . . Impact Weapon 6 | . . . . 1 . 1 . . . 2 1 . . . . . . 1 . . . . . . . Slashing Weapon 6 | . . 2 . . . . 1 . . . . . . 1 1 . . 1 . . . . . . . Piercing Weapon 8 | . . 1 . . . . . . . . . . . . 1 2 . . . . . 2 2 . . Special Melee Weapon . | . . . . . . . . . . . . . . . . . . . . . . . . . . Unidentified Prototypes 23 | . . . . . . 1 . . . . 1 . . . 11 2 2 . 1 . . 4 . . 1 Corrupted Parts 5 | . . . . . . . . . . . 1 . . 4 . . . . . . . . . . . System Corruption 38 | . . . . . . . . . . . 4 . . 34 . . . . . . . . . . . Parts Lost 96 | . 1 . . . 7 . 3 . . 10 1 2 4 9 11 13 3 1 . . . 21 2 1 7 Power 17 | . 1 . . . 1 . 1 . . 1 . . 2 3 1 2 1 . . . . 3 . . 1 Propulsion 37 | . . . . . 3 . . . . 3 1 . 1 1 4 6 1 . . . . 10 2 1 4 Utility 36 | . . . . . 2 . 2 . . 4 . 2 1 5 4 4 1 1 . . . 8 . . 2 Weapon 6 | . . . . . 1 . . . . 2 . . . . 2 1 . . . . . . . . . Highest Loss Streak 11 | . 1 . . . 4 . 2 . . 5 1 2 2 5 11 9 3 1 . . . 8 2 1 7 To Critical Strikes 3 | . . . . . 1 . . . . . . . . . 2 . . . . . . . . . . Average Backups 6 | 1 2 4 4 4 5 7 7 7 7 5 9 10 9 6 12 12 8 3 4 4 4 3 3 4 3 Power . | . 1 1 . . . . . . . . . 2 . . . . . 1 1 1 1 . 1 . . Propulsion 2 | . . . . 2 3 3 3 3 3 2 1 1 1 1 3 5 1 . 1 1 . . . . . Utility 3 | . 1 2 2 2 1 2 2 3 3 2 7 7 6 4 6 5 5 1 1 2 2 1 1 2 2 Weapon . | . . 1 1 . . . 1 1 1 . . . . 1 2 1 . . . . . . 1 1 1 Tool/Special . | . . . . . . . . . . . . . . . . . . . . . . . . . . Unused Backups 21 | 3 . . 1 . . 1 3 . . 1 1 . . 1 2 1 1 . . . . 3 . 1 2 Power 2 | . . . . . . . . . . . . . . 1 . . . . . . . . . 1 . Propulsion 5 | . . . . . . 1 . . . . . . . . . 1 . . . . . 3 . . . Utility 8 | . . . 1 . . . 2 . . 1 1 . . . 1 . 1 . . . . . . . 1 Weapon 6 | 3 . . . . . . 1 . . . . . . . 1 . . . . . . . . . 1 Tool/Special . | . . . . . . . . . . . . . . . . . . . . . . . . . . Average Slot Usage (%) 83 | . 42 41 63 91 78 86 82 92 92 51 88 88 85 84 90 73 61 87 88 89 89 89 91 86 74 Engine 2 | . 14 . 6 14 7 4 . . . . 5 5 2 2 . . 1 . . . . . . . . Core 2 | . . . . . . 2 4 7 7 . . . 4 3 . . 1 10 10 10 10 . 2 4 4 Reactor 2 | . . . . . . . . . . 2 6 5 . . 3 6 2 . . . . 8 5 4 3 Leg 16 | . 28 28 28 28 22 23 23 23 23 11 19 23 20 22 28 24 4 . . . . . . . . Flight 6 | . . . . . . . . . . . . . . . . . 10 21 21 21 21 31 30 26 19 Device 6 | . . . . . 4 9 7 7 7 2 . . . 2 8 5 8 12 11 10 10 10 21 21 19 Storage 3 | . . . . . 4 11 7 7 7 3 4 5 5 6 5 5 3 . . . . . . . . Processor 10 | . . . . . . . . . . . 15 11 11 16 17 17 19 15 15 15 15 18 17 17 16 Hackware 10 | . . . 11 14 20 17 20 23 23 15 16 17 14 4 . . 6 10 10 10 10 1 3 4 4 Protection 6 | . . 4 14 14 1 2 2 7 7 2 5 5 11 11 11 4 . 7 8 10 10 6 . . . Impact Weapon 6 | . . . . 5 8 5 7 7 7 9 13 11 11 10 4 . . 4 5 5 5 1 . . . Slashing Weapon 1 | . . 7 . . . . . 7 7 1 . . . . 4 . . 1 2 . . . . . . Piercing Weapon 3 | . . 1 3 14 9 7 6 . . . . . . . . 5 2 2 2 5 5 6 8 8 8 Peak Build Rating 154 | 3 3 7 13 15 29 47 50 47 47 47 75 76 75 69 124 117 119 123 132 132 133 154 133 124 133 Average Rating 72 | 1 2 3 7 13 20 39 44 47 47 29 63 71 67 59 94 90 77 118 127 132 132 132 126 123 118 On Entrance 65 | . 3 2 4 13 15 27 47 47 47 47 33 72 75 69 52 90 61 118 119 132 132 133 127 123 117 Avg Prop Armor Cover (%) 22 | 38 29 30 22 . . . 19 . . 23 . . . . 3 . 6 3 . . . . . . . Naked Turns . | . . . . . . . . . . . . . . . . . . . . . . . . . . Heaviest Build 93 | 3 3 3 8 10 15 32 33 28 28 28 55 61 62 62 93 77 31 32 33 33 33 56 45 41 42 Greatest Support 125 | 3 3 3 20 20 36 54 54 54 54 54 80 79 79 96 123 125 50 47 46 46 47 64 62 48 58 Greatest Overweight (x) 1 | . . . . . . . . . . 1 1 . 1 1 1 . . 1 . . . 1 . . 1 Average Overweight (x) . | . . . . . . . . . . . . . . . . . . . . . . . . . . Largest Inventory Capacity 15 | 5 5 5 5 5 8 8 8 8 8 8 15 15 15 15 15 15 15 5 5 5 5 5 5 5 5 Average Capacity 9 | 5 5 5 5 5 6 8 8 8 8 6 12 15 15 15 15 15 11 5 5 5 5 5 5 5 5 Most Carried 15 | 5 5 5 5 5 8 8 8 8 8 8 14 12 11 10 15 15 13 5 5 5 5 5 5 5 5 Average Carried 7 | 2 2 4 4 4 5 7 7 8 8 5 9 10 9 6 12 13 8 4 4 5 4 4 4 5 4 Final Capacity 15 | 5 5 5 5 5 8 8 8 8 8 5 15 15 15 15 15 15 15 5 5 5 5 5 5 5 5 Final Carried 14 | 2 5 5 4 4 5 8 8 8 8 5 13 10 8 9 14 11 13 5 5 5 5 5 5 5 4 Class Distribution -------------------- 31% | Hacker-Gladiator 15% | Scavenger-Gladiator 11% | Mutant 10% | Hacker-Mutant 10% | Commander-Sprinter 6% | Scavenger-Sprinter 4% | Scavenger-Mutant 4% | Scavenger-Scout Dominant Class ---------------- Mutant | -10/Materials Mutant | -10/Mines Mutant | -10/Exiles Mutant | -9/Mines Hacker-Mutant | -8/Materials Hacker-Gladiator | -7/Factory Hacker-Gladiator | -7/Lower Caves Hacker-Gladiator | -7/Lower Caves Hacker-Gladiator | -7/Data Miner Hacker-Mutant | -6/Proximity Caves Hacker-Gladiator | -6/Factory Hacker-Gladiator | -5/Factory Hacker-Gladiator | -5/Upper Caves Scavenger-Gladiator | -5/Upper Caves Scavenger-Gladiator | -5/Warlord Scavenger-Mutant | -4/Proximity Caves Mutant | -4/Factory Commander-Sprinter | -4/Extension Commander-Sprinter | -4/Cetus Commander-Sprinter | -4/Archives Commander-Sprinter | -4/Hub_04(d) Scavenger-Sprinter | -3/Research Scavenger-Scout | -2/Research Scavenger-Scout | -2/Quarantine Scavenger-Scout | -1/Access Resources | -11 -10 -10 -10 -9 -8 -7 -7 -7 -7 -6 -6 -5 -5 -5 -5 -4 -4 -4 -4 -4 -4 -3 -2 -2 -1 ----------- Run | Yrd Mat Min Exi Min Mat Fac Low Low Dat Pro Fac Fac Upp Upp War Pro Fac Ext Cet Arc Hub Res Res Qua Acc Matter Collected 2517 | 217 . 44 . 61 60 135 70 . . 50 160 25 40 237 236 201 . 310 40 . . 498 89 . 44 Remotely . | . . . . . . . . . . . . . . . . . . . . . . . . . . Salvage Created 7693 | . . . . 28 319 217 200 65 . 174 718 174 147 905 240 461 141 922 32 27 . 2255 530 . 138 Parts 239 | . . . . . 16 11 7 1 . . 18 4 2 18 5 17 5 16 . . . 97 16 . 6 Haulers Intercepted 10 | . . . . . . . . . . . 3 1 . . . . . 3 . . . 2 1 . . Recyclers Shooed 1 | . . . . . . . . . . . . . . . . . . 1 . . . . . . . Parts Field Recycled . | . . . . . . . . . . . . . . . . . . . . . . . . . . Retrieved Matter . | . . . . . . . . . . . . . . . . . . . . . . . . . . Parts Self-Destructed 50 | . . . . . . . 5 . . 9 . . . 24 . 12 . . . . . . . . . Prevented 10 | . . . . . . . 1 1 . . . . 2 6 . . . . . . . . . . . Parts Restored . | . . . . . . . . . . . . . . . . . . . . . . . . . . Kills | -11 -10 -10 -10 -9 -8 -7 -7 -7 -7 -6 -6 -5 -5 -5 -5 -4 -4 -4 -4 -4 -4 -3 -2 -2 -1 ------- Run | Yrd Mat Min Exi Min Mat Fac Low Low Dat Pro Fac Fac Upp Upp War Pro Fac Ext Cet Arc Hub Res Res Qua Acc Combat Hostiles Destroyed 102 | . . . . . 9 3 4 1 . 4 7 4 3 16 4 6 . 9 . . . 26 3 . 3 Melee 66 | . . . . . 7 2 3 . . . 1 1 . 8 4 6 . 5 . . . 23 3 . 3 Classes Destroyed 16 | . . . . 1 4 2 2 1 . . 2 . . 2 . . 1 . . . . 1 . . . Worker 8 | . . . . . . . . . . . . . . . . . 1 . . . . 6 1 . . Builder 3 | . . . . . . . . . . . . . . . . . . . . . . 3 . . . Tunneler 1 | . . . . 1 . . . . . . . . . . . . . . . . . . . . . Hauler 10 | . . . . . . . . . . . 3 1 . . . . . 3 . . . 2 1 . . Recycler 6 | . . . . . . 1 . . . . . . . . . . 1 1 . . . 2 1 . . Minesweeper 2 | . . . . . . . . 1 . . . . . 1 . . . . . . . . . . . Operator 2 | . . . . . 1 . . . . . . . . . . . . . . . . 1 . . . Watcher 5 | . . . . . . . . . . . 1 . . . . . . 1 1 . . 1 . . 1 Swarmer 23 | . . . . . 3 . . . . 1 . 4 . 3 . . . 2 . . . 7 . . 3 Grunt 34 | . . . . . 3 . 2 1 . 2 1 . . 7 2 3 . 2 . . . 9 2 . . Brawler 3 | . . . . . . . . . . . . . . 2 . 1 . . . . . . . . . Duelist 5 | . . . . . . . 1 . . . . . . 2 2 . . . . . . . . . . Sentry 20 | . . . . . 3 2 . . . 1 2 . . 1 . 1 . 5 . . . 4 1 . . Hunter 8 | . . . . . . . 1 . . . 1 . 3 . . . . . . . . 3 . . . Programmer 7 | . . . . . . 1 . . . . 3 . . . . . . . . . . 3 . . . Behemoth 2 | . . . . . . . . . . . . . . 1 . 1 . . . . . . . . . Best Kill Streak 15 | . . . . 1 3 1 3 1 . 3 2 4 2 4 4 4 1 4 1 . . 15 3 . 3 Combat Bots Only 4 | . . . . . 3 1 3 1 . 3 2 4 2 4 4 4 . 3 . . . 4 2 . 3 Max Kills in Single Turn 1 | . . . . 1 1 1 1 1 . 1 1 1 1 1 1 1 1 1 1 . . 1 1 . 1 Gunslinging . | . . . . . . . . . . . . . . . . . . . . . . . . . . Exploded . | . . . . . . . . . . . . . . . . . . . . . . . . . . Melee 1 | . . . . . 1 1 1 . . . 1 1 . 1 1 1 . 1 . . . 1 1 . 1 Uniques/NPCs Destroyed 1 | . . . . . . . . . . . . . . . . . . . 1 . . . . . . A7 (-4/Cetus) Combat | -11 -10 -10 -10 -9 -8 -7 -7 -7 -7 -6 -6 -5 -5 -5 -5 -4 -4 -4 -4 -4 -4 -3 -2 -2 -1 -------- Run | Yrd Mat Min Exi Min Mat Fac Low Low Dat Pro Fac Fac Upp Upp War Pro Fac Ext Cet Arc Hub Res Res Qua Acc Hostile Shots Fired 1527 | . 21 4 . . 125 64 48 30 . 153 59 31 63 117 194 170 . 27 . . 96 200 23 10 92 Missed 557 | . 6 2 . . 39 24 13 19 . 49 19 11 16 32 61 60 . 9 . . 71 66 10 6 44 Hits 970 | . 15 2 . . 86 40 35 11 . 104 40 20 47 85 133 110 . 18 . . 25 134 13 4 48 Melee 31 | . . . . . 4 . 5 . . . . . . 7 10 5 . . . . . . . . . Projectile 939 | . 15 2 . . 82 40 30 11 . 104 40 20 47 78 123 105 . 18 . . 25 134 13 4 48 Critical Strikes 46 | . . . . . 2 . . . . . 2 . . 1 15 7 . 7 2 . 1 8 1 . . Damage Taken 17707 | . 173 32 . . 1026 309 649 105 . 1721 507 297 795 1589 2732 2211 196 440 94 . 413 3004 242 98 1074 Core 2972 | . 71 12 . . 397 73 96 20 . 360 62 31 95 186 186 457 . 75 . . 39 460 40 . 312 Absorbed by Shields 552 | . . . . . . . . . . . . . . . 414 . . 89 20 . 29 . . . . Redirected to Shielding 22 | . . . . . . 22 . . . . . . . . . . . . . . . . . . . Ignored by Resistances 912 | . . . . . . . . . . . . . . 46 603 205 . . . . . . 58 . . Regen/Repaired (Parts) 96 | . . . . . . . . . . . . . . . 96 . . . . . . . . . . Core Remaining (%) 64 | 100 . . . 66 27 . . . . 21 92 . . . . 4 . . . . 90 64 . 97 80 Volleys Fired . | . . . . . . . . . . . . . . . . . . . . . . . . . . Largest . | . . . . . . . . . . . . . . . . . . . . . . . . . . Hottest . | . . . . . . . . . . . . . . . . . . . . . . . . . . Shots Fired . | . . . . . . . . . . . . . . . . . . . . . . . . . . Gun . | . . . . . . . . . . . . . . . . . . . . . . . . . . Cannon . | . . . . . . . . . . . . . . . . . . . . . . . . . . Launcher . | . . . . . . . . . . . . . . . . . . . . . . . . . . Special . | . . . . . . . . . . . . . . . . . . . . . . . . . . Kinetic . | . . . . . . . . . . . . . . . . . . . . . . . . . . Thermal . | . . . . . . . . . . . . . . . . . . . . . . . . . . Explosive . | . . . . . . . . . . . . . . . . . . . . . . . . . . Electromagnetic . | . . . . . . . . . . . . . . . . . . . . . . . . . . Robot Hit Streak . | . . . . . . . . . . . . . . . . . . . . . . . . . . Robot Miss Streak . | . . . . . . . . . . . . . . . . . . . . . . . . . . Penetration Max . | . . . . . . . . . . . . . . . . . . . . . . . . . . Secondary Targets . | . . . . . . . . . . . . . . . . . . . . . . . . . . Shots Hit Robots 374 | . . . . 1 29 16 16 6 . 9 24 9 8 37 13 21 2 33 8 1 1 118 16 . 6 Core Hits 105 | . 1 . . . 7 4 4 . . . 3 2 . 5 6 10 2 8 1 . . 43 6 . 3 Critical Kills 8 | . . . . . . . . . . . . . . 4 . . . 2 . . . 2 . . . Critical Parts Destroyed 47 | . . . . . 4 2 2 3 . 3 8 3 2 6 . . . 8 2 . . 4 . . . Critical Strikes 88 | . . . . . 7 3 3 3 . 3 8 3 2 10 3 2 . 13 3 . . 22 2 . 1 Smash 57 | . . . . . 4 2 2 3 . 3 8 3 2 10 . . . 11 3 . . 6 . . . Sever 2 | . . . . . . . . . . . . . . . 2 . . . . . . . . . . Impale 21 | . . . . . 3 1 1 . . . . . . . . . . . . . . 13 2 . 1 Sunder 8 | . . . . . . . . . . . . . . . 1 2 . 2 . . . 3 . . . Melee Attacks 557 | . . . . 1 46 22 29 9 . 15 49 14 11 47 18 27 10 37 9 2 4 161 24 2 20 Impact 281 | . . . . 1 29 15 22 7 . 13 49 14 11 46 . . . 28 8 1 3 34 . . . Slashing 16 | . . . . . . . . 2 . 2 . . . 1 11 . . . . . . . . . . Piercing 210 | . . . . . 17 7 7 . . . . . . . . 21 . . . . . 112 24 2 20 Entropic 50 | . . . . . . . . . . . . . . . 7 6 10 9 1 1 1 15 . . . Sneak Attacks 58 | . . . . 1 3 2 . 1 . . 4 1 . 1 . . 2 11 7 . 1 19 5 . . Combat Hostiles 10 | . . . . . 2 . . . . . 1 . . . . . . 3 . . . 3 1 . . Follow-up Attacks 58 | . . . . . 9 5 5 2 . 1 3 2 2 5 1 1 . 1 . . . 18 2 . 1 Damage Inflicted 20422 | . 5 10 . 65 902 624 570 291 . 370 1389 504 403 1919 759 1143 358 2376 585 120 122 6434 1133 . 340 Guns . | . . . . . . . . . . . . . . . . . . . . . . . . . . Cannons . | . . . . . . . . . . . . . . . . . . . . . . . . . . Explosions . | . . . . . . . . . . . . . . . . . . . . . . . . . . Melee 20407 | . . . . 65 902 624 570 291 . 370 1389 504 403 1919 759 1143 358 2376 585 120 122 6434 1133 . 340 Ramming 15 | . 5 10 . . . . . . . . . . . . . . . . . . . . . . . Kinetic . | . . . . . . . . . . . . . . . . . . . . . . . . . . Thermal . | . . . . . . . . . . . . . . . . . . . . . . . . . . Explosive . | . . . . . . . . . . . . . . . . . . . . . . . . . . Electromagnetic . | . . . . . . . . . . . . . . . . . . . . . . . . . . Impact 10364 | . . . . 65 568 443 489 260 . 370 1389 504 403 1919 . . . 1742 585 120 122 1385 . . . Slashing 358 | . . . . . . . . 31 . . . . . . 327 . . . . . . . . . . Piercing 6764 | . . . . . 334 181 81 . . . . . . . . 680 . . . . . 4015 1133 . 340 Entropic 2921 | . . . . . . . . . . . . . . . 432 463 358 634 . . . 1034 . . . Highest Corruption 38 | . . 2 2 2 . . . . . . 4 . . 38 38 5 . . . . . 8 1 2 2 Average Corruption 9 | . . 2 2 2 . . . . . . 4 . . 32 6 2 . . . . . 7 1 1 1 Corruption Purged . | . . . . . . . . . . . . . . . . . . . . . . . . . . Corruption Blocked 3 | . . . . . . . . . . . . . . . . . . . . . . 3 . . . Effects 80 | . . . 5 6 . . . . . . 4 . . 31 9 4 . . . . . 20 . . 1 Message Errors 17 | . . . . 3 . . . . . . 2 . . 8 . . . . . . . 4 . . . Matter Fused 26 | . . . 3 . . . . . . . . . . 8 5 2 . . . . . 8 . . . Heat Flow Errors 8 | . . . . . . . . . . . . . . 3 1 . . . . . . 3 . . 1 Energy Discharges 11 | . . . 2 1 . . . . . . 1 . . 5 . . . . . . . 2 . . . Parts Rejected 2 | . . . . . . . . . . . . . . . . 2 . . . . . . . . . Parts Fused 2 | . . . . . . . . . . . . . . 1 . . . . . . . 1 . . . Data Loss (minor) 9 | . . . . 2 . . . . . . . . . 5 1 . . . . . . 1 . . . Data Loss (major) 3 | . . . . . . . . . . . 1 . . 1 . . . . . . . 1 . . . Alerts 2 | . . . . . . . . . . . . . . . 2 . . . . . . . . . . Overload Shots . | . . . . . . . . . . . . . . . . . . . . . . . . . . Overflow Damage 4854 | . . . . 45 177 119 135 166 . 191 578 178 136 657 13 7 . 953 260 110 . 919 131 . 79 Projectiles . | . . . . . . . . . . . . . . . . . . . . . . . . . . Explosions . | . . . . . . . . . . . . . . . . . . . . . . . . . . Melee 4854 | . . . . 45 177 119 135 166 . 191 578 178 136 657 13 7 . 953 260 110 . 919 131 . 79 Knockbacks 42 | . . . . . 1 1 4 2 . 3 5 1 4 8 . . . 3 5 1 . 4 . . . Impact 41 | . . . . . 1 1 4 2 . 3 5 1 4 8 . . . 3 4 1 . 4 . . . Kinetic . | . . . . . . . . . . . . . . . . . . . . . . . . . . Secondary 1 | . . . . . . . . . . . . . . . . . . . 1 . . . . . . Self-Inflicted Damage 7 | . 2 5 . . . . . . . . . . . . . . . . . . . . . . . Shots . | . . . . . . . . . . . . . . . . . . . . . . . . . . Rammed 2 | . 1 1 . . . . . . . . . . . . . . . . . . . . . . . Targets Rammed 2 | . 1 1 . . . . . . . . . . . . . . . . . . . . . . . Kicked . | . . . . . . . . . . . . . . . . . . . . . . . . . . Crushed . | . . . . . . . . . . . . . . . . . . . . . . . . . . Highest Temperature 300 | . . . . . . . . . . . . . . 267 242 14 . 24 2 2 20 300 2 . 227 Average Temperature 71 | . . . . . . . . . . . . . . 116 102 10 . 1 1 1 4 90 2 . 128 Received Heat Transfer 2791 | . 36 15 . . 225 66 180 45 . 246 30 . . 469 596 355 . 130 . . 30 305 63 . . Effects 2 | . . . . . . . . . . . . . . . . . . . . . . 2 . . . Energy Bleed 1 | . . . . . . . . . . . . . . . . . . . . . . 1 . . . Short Circuit 1 | . . . . . . . . . . . . . . . . . . . . . . 1 . . . Siege Activations . | . . . . . . . . . . . . . . . . . . . . . . . . . . Martial Activations . | . . . . . . . . . . . . . . . . . . . . . . . . . . Shielding Activations . | . . . . . . . . . . . . . . . . . . . . . . . . . . Robots Disrupted . | . . . . . . . . . . . . . . . . . . . . . . . . . . Combat Hostiles . | . . . . . . . . . . . . . . . . . . . . . . . . . . Robots Corrupted 45 | . . . . 1 2 1 1 1 . 4 7 3 3 9 . . . 7 1 1 . 4 . . . Combat Hostiles 36 | . . . . . 2 1 1 1 . 4 6 3 3 8 . . . 4 . . . 3 . . . Parts Fried 52 | . . . . 1 5 4 1 2 . 2 6 1 6 8 . . . 8 . 2 . 6 . . . Impact Corruptions 116 | . . . . 2 6 4 3 4 . 7 18 5 3 23 . . . 16 5 4 . 16 . . . Robots Melted . | . . . . . . . . . . . . . . . . . . . . . . . . . . Combat Hostiles . | . . . . . . . . . . . . . . . . . . . . . . . . . . Parts Melted . | . . . . . . . . . . . . . . . . . . . . . . . . . . Heat Transferred . | . . . . . . . . . . . . . . . . . . . . . . . . . . Parts Sabotaged 4 | . . . . . . . . . . . . . . 4 . . . . . . . . . . . Parts Stolen . | . . . . . . . . . . . . . . . . . . . . . . . . . . Parts Stripped . | . . . . . . . . . . . . . . . . . . . . . . . . . . Power Chain Reactions . | . . . . . . . . . . . . . . . . . . . . . . . . . . Alert | -11 -10 -10 -10 -9 -8 -7 -7 -7 -7 -6 -6 -5 -5 -5 -5 -4 -4 -4 -4 -4 -4 -3 -2 -2 -1 ------- Run | Yrd Mat Min Exi Min Mat Fac Low Low Dat Pro Fac Fac Upp Upp War Pro Fac Ext Cet Arc Hub Res Res Qua Acc Maximum Alert Level 5 | . . . . . . . . . . . . . . . . . . 3 2 1 1 3 3 5 4 Low Security (%) 72 | 100 100 100 . 100 100 100 . . . . 100 100 . . . . 100 55 . 86 81 37 . . . Level 1 4 | . . . . . . . . . . . . . . . . . . 7 7 13 18 18 . . . Level 2 16 | . . . . . . . . . . . . . . . . . . 24 92 . . 39 88 2 . Level 3 3 | . . . . . . . . . . . . . . . . . . 11 . . . 4 11 . 13 Level 4 2 | . . . . . . . . . . . . . . . . . . . . . . . . . 86 Level 5 . | . . . . . . . . . . . . . . . . . . . . . . . . . . High Security . | . . . . . . . . . . . . . . . . . . . . . . . . . . Max Security . | . . . . . . . . . . . . . . . . . . . . . . . . 97 . Peak Influence 1633 | . . 30 . 5 193 64 . . . . 143 72 . . . . 21 728 579 203 256 812 857 1633 1358 Initial 1100 | . . . . . . 64 . . . . 143 22 . . . . 21 7 390 193 53 102 455 476 1100 Average 199 | . . 2 . . 44 14 . . . . 61 24 . . . . 3 253 498 187 142 365 672 1597 1155 Influence Increases 6837 | . . 30 . 5 403 213 100 85 . 411 333 104 180 539 130 215 42 1130 359 10 243 1352 502 33 418 Destroy 0b10 Robot/C 2920 | . . . . . 200 80 80 20 . 280 140 80 60 380 80 120 . 480 160 . 80 560 60 . 60 Destroy 0b10 Robot/NC 230 | . . . . 5 5 5 . 5 . . 20 5 . 5 . . 10 45 10 5 15 75 15 . 5 Destroy Leader 474 | . . . . . 50 30 20 . . 30 68 12 30 30 . 20 . 54 . . 10 106 12 . 2 Allied During Kill 772 | . . . . . 2 . . . . 56 . . . 19 5 . . 414 170 5 30 71 . . . Trap Triggered on 0b10 20 | . . . . . . . . . . . . . . . . . . 20 . . . . . . . Successful Hack 304 | . . . . . 9 95 . . . . 60 7 . . . . . 31 7 . 14 45 . . 36 Disable Machine 75 | . . . . . . . . . . . 15 . . . . . 15 . . . . 15 . 15 15 Anti-Garrison Action 800 | . . . . . . . . . . . . . . . . . . . . . . 400 400 . . Destroy Structure 147 | . . . . . 2 3 . . . . 15 . . . . . 2 26 12 . 34 20 15 3 15 Partial Spotted 90 | . . . . . . . . . . . . . . . . . 15 60 . . . . . 15 . Lose Combat Pursuer 1005 | . . 30 . . 135 . . 60 . 45 15 . 90 105 45 75 . . . . 60 60 . . 285 Influence Decreases 6740 | . . 10 20 5 261 355 100 85 . 183 515 150 180 452 187 210 62 447 574 340 200 738 465 381 820 Entered New Map 2514 | . . . 20 . . 78 . . . . 85 24 . . 87 30 14 8 308 290 100 94 355 371 650 Time Decay 3092 | . . 10 . 5 179 237 90 85 . 143 420 106 160 322 27 100 48 340 206 30 20 374 90 . 100 Lost Part 674 | . . . . . 62 . 10 . . 20 10 20 20 90 53 70 . 9 . . . 210 20 10 70 Lost Ally 460 | . . . . . 20 40 . . . 20 . . . 40 20 10 . 90 60 20 80 60 . . . Squads Dispatched 31 | . . . . . 2 1 . . . . 2 2 . 1 . . 2 2 . . 4 8 5 . 2 Investigation 13 | . . . . . 1 . . . . . . 1 . . . . 1 1 . . 1 4 4 . . Extermination 5 | . . . . . . 1 . . . . 2 . . . . . . . . . . . 1 . 1 Reinforcement 12 | . . . . . 1 . . . . . . 1 . . . . 1 1 . . 3 4 . . 1 Assault 1 | . . . . . . . . . . . . . . 1 . . . . . . . . . . . Garrison . | . . . . . . . . . . . . . . . . . . . . . . . . . . Intercept . | . . . . . . . . . . . . . . . . . . . . . . . . . . Searches Triggered . | . . . . . . . . . . . . . . . . . . . . . . . . . . Data Miner Redirects 2 | . . . . . . . . . . . . 1 . . . . . 1 . . . . . . . Construction Impeded . | . . . . . . . . . . . . . . . . . . . . . . . . . . Haulers Reinforced 3 | . . . . . . . . . . . . 1 . . . . . . . . . 2 . . . Active Scanning Responses . | . . . . . . . . . . . . . . . . . . . . . . . . . . Cargo Convoy Interrupts . | . . . . . . . . . . . . . . . . . . . . . . . . . . Stealth | -11 -10 -10 -10 -9 -8 -7 -7 -7 -7 -6 -6 -5 -5 -5 -5 -4 -4 -4 -4 -4 -4 -3 -2 -2 -1 --------- Run | Yrd Mat Min Exi Min Mat Fac Low Low Dat Pro Fac Fac Upp Upp War Pro Fac Ext Cet Arc Hub Res Res Qua Acc Distress Signals 16 | . 1 . . . 3 . . . . . 1 . . . 2 . . 1 2 . . 2 1 . 3 Communications Jammed 68 | . . . . . . . . . . . . . . . 55 . 13 . . . . . . . . Distress Signals 68 | . . . . . . . . . . . . . . . 55 . 13 . . . . . . . . Times Spotted 322 | . 9 4 . . 24 3 4 7 . 16 12 4 3 24 49 22 3 20 1 . 17 40 12 10 38 Peak Tracking Total 20 | . 8 2 . . 11 1 3 3 . 4 3 4 7 6 18 15 1 2 1 . 11 7 8 11 20 Tactical Retreats 33 | . . 1 . . 4 . . 4 . 3 1 . 3 5 2 2 . . . . 1 3 . . 4 Traps | -11 -10 -10 -10 -9 -8 -7 -7 -7 -7 -6 -6 -5 -5 -5 -5 -4 -4 -4 -4 -4 -4 -3 -2 -2 -1 ------- Run | Yrd Mat Min Exi Min Mat Fac Low Low Dat Pro Fac Fac Upp Upp War Pro Fac Ext Cet Arc Hub Res Res Qua Acc Traps Triggered 8 | . 1 . . . 1 . . . . . . . . . . . 1 3 . . 1 . 1 . . Indirectly . | . . . . . . . . . . . . . . . . . . . . . . . . . . Trap Hack Attempts . | . . . . . . . . . . . . . . . . . . . . . . . . . . Triggered . | . . . . . . . . . . . . . . . . . . . . . . . . . . Disarmed . | . . . . . . . . . . . . . . . . . . . . . . . . . . Reprogrammed . | . . . . . . . . . . . . . . . . . . . . . . . . . . Reused 4 | . . . . . . . . . . . . . . 2 . . . 2 . . . . . . . Traps Extracted . | . . . . . . . . . . . . . . . . . . . . . . . . . . Installed 16 | . . . . . . . . . . . . . . 6 . . . 10 . . . . . . . Triggered 4 | . . . . . . . . . . . . . . 2 . . . 2 . . . . . . . Most Traps Carried 2 | . . . . . . . . . . . . . . . . . . 2 . . . . . . . Machines | -11 -10 -10 -10 -9 -8 -7 -7 -7 -7 -6 -6 -5 -5 -5 -5 -4 -4 -4 -4 -4 -4 -3 -2 -2 -1 ---------- Run | Yrd Mat Min Exi Min Mat Fac Low Low Dat Pro Fac Fac Upp Upp War Pro Fac Ext Cet Arc Hub Res Res Qua Acc Machines Disabled 7 | . . . . . . . . . . . 1 . . 1 . . 1 1 . . . 1 . 1 1 Max in Single Turn 1 | . . . . . . . . . . . 1 . . 1 . . 1 . . . . 1 . 1 1 Garrison Access 7 | . . . . . 1 . . . . . 1 . . . . . . . . . 1 2 2 . . Machines Repaired . | . . . . . . . . . . . . . . . . . . . . . . . . . . Machines Dismantled . | . . . . . . . . . . . . . . . . . . . . . . . . . . Machines Sabotaged . | . . . . . . . . . . . . . . . . . . . . . . . . . . Overloaded Fab Kills . | . . . . . . . . . . . . . . . . . . . . . . . . . . Hacking | -11 -10 -10 -10 -9 -8 -7 -7 -7 -7 -6 -6 -5 -5 -5 -5 -4 -4 -4 -4 -4 -4 -3 -2 -2 -1 --------- Run | Yrd Mat Min Exi Min Mat Fac Low Low Dat Pro Fac Fac Upp Upp War Pro Fac Ext Cet Arc Hub Res Res Qua Acc Machines Accessed 67 | . . . 2 . 5 10 . . 3 . 14 1 . . 1 . 1 8 1 . 2 11 5 . 3 Terminals 36 | . . . . . 4 7 . . . . 7 1 . . . . . 6 1 . 1 3 3 . 3 Fabricators 6 | . . . . . . 1 . . . . 2 . . . . . 1 . . . . 2 . . . Repair Stations . | . . . . . . . . . . . . . . . . . . . . . . . . . . Recycling Units 9 | . . . . . . 1 . . . . 3 . . . . . . 2 . . . 3 . . . Scanalyzers 3 | . . . . . . 1 . . . . 1 . . . . . . . . . . 1 . . . Garrison Access 7 | . . . . . 1 . . . . . 1 . . . . . . . . . 1 2 2 . . Total Hacks 178 | . . . 3 . 14 33 . . 23 . 32 6 . . 1 . 4 22 1 . 4 22 9 . 4 Successful 93 | . . . 3 . 10 14 . . 23 . 10 1 . . 1 . 3 11 1 . 2 10 2 . 2 Failed 85 | . . . . . 4 19 . . . . 22 5 . . . . 1 11 . . 2 12 7 . 2 Catastrophic 19 | . . . . . 1 2 . . . . 5 2 . . . . . 1 . . . 4 3 . 1 Database Lockouts . | . . . . . . . . . . . . . . . . . . . . . . . . . . Manual 59 | . . . 1 . 10 15 . . . . 3 6 . . 1 . 1 10 1 . 3 3 5 . . Terminals 100 | . . . . . 13 24 . . . . 18 6 . . . . . 19 1 . 3 6 6 . 4 Fabricators 15 | . . . . . . 3 . . . . 4 . . . . . 4 . . . . 4 . . . Repair Stations . | . . . . . . . . . . . . . . . . . . . . . . . . . . Recycling Units 18 | . . . . . . 3 . . . . 8 . . . . . . 3 . . . 4 . . . Scanalyzers 7 | . . . . . . 3 . . . . 1 . . . . . . . . . . 3 . . . Garrison Access 11 | . . . . . 1 . . . . . 1 . . . . . . . . . 1 5 3 . . Terminal Hacks 52 | . . . 3 . 3 6 . . 23 . 5 1 . . 1 . . 6 1 . . 1 . . 2 Record 9 | . . . 2 . . . . . 6 . . . . . . . . 1 . . . . . . . Part Schematic 10 | . . . . . . . . . 9 . . . . . . . . 1 . . . . . . . Robot Schematic 6 | . . . . . . . . . 5 . . . . . . . . 1 . . . . . . . Robot Analysis 2 | . . . . . . 2 . . . . . . . . . . . . . . . . . . . Prototype ID Bank 4 | . . . . . . . . . 3 . 1 . . . . . . . . . . . . . . Open Door 2 | . . . . . . . . . . . . . . . 1 . . . 1 . . . . . . Level Access Points 3 | . . . . . . 1 . . . . 1 . . . . . . . . . . . . . 1 Branch Access Points 2 | . . . . . . . . . . . 1 1 . . . . . . . . . . . . . Terminal Index 3 | . . . . . 1 1 . . . . . . . . . . . 1 . . . . . . . Locate Traps 2 | . . . . . . 1 . . . . . . . . . . . 1 . . . . . . . Transport Status 1 | . . . . . . . . . . . . . . . . . . 1 . . . . . . . Recall Reinforcements 1 | . . . . . 1 . . . . . . . . . . . . . . . . . . . . Registered Components 2 | . . . . . . 1 . . . . 1 . . . . . . . . . . . . . . Zone Layout 4 | . . . . . 1 . . . . . 1 . . . . . . . . . . 1 . . 1 Proto ID Catalog 1 | . . . 1 . . . . . . . . . . . . . . . . . . . . . . Fabricator Hacks 8 | . . . . . . 1 . . . . 2 . . . . . 2 . . . . 3 . . . Network Status 2 | . . . . . . . . . . . 1 . . . . . 1 . . . . . . . . Load Schematic 3 | . . . . . . . . . . . 1 . . . . . 1 . . . . 1 . . . Build 3 | . . . . . . 1 . . . . . . . . . . . . . . . 2 . . . Repair Station Hacks . | . . . . . . . . . . . . . . . . . . . . . . . . . . Recycling Unit Hacks 7 | . . . . . . 1 . . . . 2 . . . . . . 2 . . . 2 . . . Retrieve Components 7 | . . . . . . 1 . . . . 2 . . . . . . 2 . . . 2 . . . Scanalyzer 3 | . . . . . . 1 . . . . . . . . . . . . . . . 2 . . . Retrieve Study 3 | . . . . . . 1 . . . . . . . . . . . . . . . 2 . . . Garrison Access Hacks 3 | . . . . . 1 . . . . . 1 . . . . . . . . . 1 . . . . Seal Access 3 | . . . . . 1 . . . . . 1 . . . . . . . . . 1 . . . . Unauthorized Hacks 20 | . . . . . 6 5 . . . . . . . . . . 1 3 . . 1 2 2 . . Terminals 15 | . . . . . 6 5 . . . . . . . . . . . 3 . . 1 . . . . Assimilate 1 | . . . . . . . . . . . . . . . . . . 1 . . . . . . . Botnet 2 | . . . . . 2 . . . . . . . . . . . . . . . . . . . . Detonate 1 | . . . . . . . . . . . . . . . . . . . . . 1 . . . . Operators 1 | . . . . . . . . . . . . . . . . . . 1 . . . . . . . Skim 10 | . . . . . 4 5 . . . . . . . . . . . 1 . . . . . . . Fabricators 1 | . . . . . . . . . . . . . . . . . 1 . . . . . . . . Recompile 1 | . . . . . . . . . . . . . . . . . 1 . . . . . . . . Repair Stations . | . . . . . . . . . . . . . . . . . . . . . . . . . . Recycling Units . | . . . . . . . . . . . . . . . . . . . . . . . . . . Scanalyzers . | . . . . . . . . . . . . . . . . . . . . . . . . . . Garrison Access 4 | . . . . . . . . . . . . . . . . . . . . . . 2 2 . . Jam 4 | . . . . . . . . . . . . . . . . . . . . . . 2 2 . . Data Cores Recovered 1 | . 1 . . . . . . . . . . . . . . . . . . . . . . . . Used . | . . . . . . . . . . . . . . . . . . . . . . . . . . Hacking Detections 48 | . . . . . 4 10 . . . . 11 1 . . . . . 6 . . 1 9 3 . 3 Full Trace Events 6 | . . . . . . . . . . . . 1 . . . . . 1 . . 1 1 2 . . Feedback Events 1 | . . . . . . . . . . . . . . . . . . . . . . . 1 . . Corruption 1 | . . . . . . . . . . . . . . . . . . . . . . . 1 . . Feedback Blocked . | . . . . . . . . . . . . . . . . . . . . . . . . . . Robot Schematics Acquired 6 | . . . . . . . . . 5 . . . . . . . . 1 . . . . . . . Robots Built 6 | . . . . . . 3 . . . . . . . . . . . . . . . 3 . . . Authchips . | . . . . . . . . . . . . . . . . . . . . . . . . . . Time 135 | . . . . . . 67 . . . . . . . . . . . . . . . 68 . . . Total Robot Build Rating 36 | . . . . . . 12 . . . . . . . . . . . . . . . 24 . . . Part Schematics Acquired 10 | . . . . . . . . . 9 . . . . . . . . 1 . . . . . . . Parts Built 1 | . . . . . . . . . . . . . . . . . . . . . . 1 . . . Authchips 1 | . . . . . . . . . . . . . . . . . . . . . . 1 . . . Time 76 | . . . . . . . . . . . . . . . . . . . . . . 76 . . . Total Part Build Rating 5 | . . . . . . . . . . . . . . . . . . . . . . 5 . . . Part Studies Acquired 3 | . . . . . . 1 . . . . . . . . . . . . . . . 2 . . . Parts Repaired . | . . . . . . . . . . . . . . . . . . . . . . . . . . Time . | . . . . . . . . . . . . . . . . . . . . . . . . . . Parts Recycled . | . . . . . . . . . . . . . . . . . . . . . . . . . . Recycled Matter . | . . . . . . . . . . . . . . . . . . . . . . . . . . Retrieved Matter . | . . . . . . . . . . . . . . . . . . . . . . . . . . Retrieved Components 20 | . . . . . . 3 . . . . 9 . . . . . . 5 . . . 3 . . . Parts Scanalyzed . | . . . . . . . . . . . . . . . . . . . . . . . . . . Part Schematics Acquired . | . . . . . . . . . . . . . . . . . . . . . . . . . . Parts Damaged . | . . . . . . . . . . . . . . . . . . . . . . . . . . Bothacking | -11 -10 -10 -10 -9 -8 -7 -7 -7 -7 -6 -6 -5 -5 -5 -5 -4 -4 -4 -4 -4 -4 -3 -2 -2 -1 ------------ Run | Yrd Mat Min Exi Min Mat Fac Low Low Dat Pro Fac Fac Upp Upp War Pro Fac Ext Cet Arc Hub Res Res Qua Acc Used RIF Installer . | . . . . . . . . . . . . . . . . . . . . . . . . . . Robots Hacked . | . . . . . . . . . . . . . . . . . . . . . . . . . . Non-combat . | . . . . . . . . . . . . . . . . . . . . . . . . . . Combat . | . . . . . . . . . . . . . . . . . . . . . . . . . . Robot Hacks Applied . | . . . . . . . . . . . . . . . . . . . . . . . . . . Relay Couplers Released . | . . . . . . . . . . . . . . . . . . . . . . . . . . Fabnet Peak Effective % . | . . . . . . . . . . . . . . . . . . . . . . . . . . Robots Rewired 19 | . . . . . . . . . . . . . . 2 6 . . 11 . . . . . . . Allies Hacked . | . . . . . . . . . . . . . . . . . . . . . . . . . . Hacks Repelled . | . . . . . . . . . . . . . . . . . . . . . . . . . . Allies | -11 -10 -10 -10 -9 -8 -7 -7 -7 -7 -6 -6 -5 -5 -5 -5 -4 -4 -4 -4 -4 -4 -3 -2 -2 -1 -------- Run | Yrd Mat Min Exi Min Mat Fac Low Low Dat Pro Fac Fac Upp Upp War Pro Fac Ext Cet Arc Hub Res Res Qua Acc Total Allies 48 | . . . . 3 . 3 . . . 1 . . . 2 6 . . 25 5 . . 3 . . . Largest Group 21 | . . . . 3 3 3 . . . 1 . . . 2 5 . . 20 21 19 12 3 . . . Highest-Rated Group 1273 | . . . . 40 40 60 . . . 96 . . . 60 276 . . 996 1273 1113 730 126 . . . Highest-Rated Ally 159 | . . . . 16 16 20 . . . 96 . . . 30 71 . . 159 159 96 96 42 . . . Total Orders 4 | . . . . . . . . . . . . . . . 1 . 1 2 . . . . . . . ROAM 1 | . . . . . . . . . . . . . . . 1 . . . . . . . . . . RETURN 3 | . . . . . . . . . . . . . . . . . 1 2 . . . . . . . Ally Attacks 279 | . . . . . 11 10 . . . 20 . . . 7 15 . . 123 67 . 20 6 . . . Total Damage 8327 | . . . . . 115 189 . . . 1023 . . . 225 551 . . 3238 1469 . 1259 258 . . . Kills 52 | . . . . . 1 1 . . . 10 . . . 3 . . . 19 9 . 7 2 . . . Allies Corrupted 1 | . . . . . . . . . . . . . . . 1 . . . . . . . . . . Allies Melted 2 | . . . . . . . . . . . . . . 1 1 . . . . . . . . . . Intel | -11 -10 -10 -10 -9 -8 -7 -7 -7 -7 -6 -6 -5 -5 -5 -5 -4 -4 -4 -4 -4 -4 -3 -2 -2 -1 ------- Run | Yrd Mat Min Exi Min Mat Fac Low Low Dat Pro Fac Fac Upp Upp War Pro Fac Ext Cet Arc Hub Res Res Qua Acc Active Infowar (turns) 5258 | . . . . . . 122 . . . . . . . 406 1046 479 299 1033 434 66 55 872 183 49 214 Optics 4649 | . . . . . . . . . . . . . . . 965 479 299 1033 434 66 55 872 183 49 214 Terrain 492 | . . . . . . . . . . . . . . . . . . . . . . 46 183 49 214 Seismic 122 | . . . . . . 122 . . . . . . . . . . . . . . . . . . . Jamming 2490 | . . . . . . . . . . . . . . 406 932 . 36 1033 83 . . . . . . ECM 1 | . . . . . . . . . . . . . . . . . . 1 . . . . . . . Robot Analysis Total 2 | . . . . . . 2 . . . . . . . . . . . . . . . . . . . Derelict Logs Recovered 7 | . . 1 . 1 . . 2 . . . . . 1 . . 2 . . . . . . . . . Drone Launches 35 | . . . . . . . . . . . . . . . . 10 . 25 . . . . . . . Drone Recoveries 33 | . . . . . . . . . . . . . . . . 1 7 25 . . . . . . . Exploration | -11 -10 -10 -10 -9 -8 -7 -7 -7 -7 -6 -6 -5 -5 -5 -5 -4 -4 -4 -4 -4 -4 -3 -2 -2 -1 ------------- Run | Yrd Mat Min Exi Min Mat Fac Low Low Dat Pro Fac Fac Upp Upp War Pro Fac Ext Cet Arc Hub Res Res Qua Acc Turns Passed 11646 | 42 52 231 268 441 633 927 453 445 109 415 1126 301 378 822 1316 479 299 1033 434 66 55 875 183 49 214 Spaces Moved 10268 | 59 95 444 390 358 269 645 318 307 76 279 790 208 306 447 859 370 353 905 158 35 144 1503 359 178 413 Core 935 | 59 95 444 296 . . . . . . 41 . . . . . . . . . . . . . . . Treads . | . . . . . . . . . . . . . . . . . . . . . . . . . . Legs 5398 | . . . 94 358 269 645 318 307 76 238 790 208 306 447 859 370 113 . . . . . . . . Wheels . | . . . . . . . . . . . . . . . . . . . . . . . . . . Hover . | . . . . . . . . . . . . . . . . . . . . . . . . . . Flight 3935 | . . . . . . . . . . . . . . . . . 240 905 158 35 144 1503 359 178 413 Fastest Speed 16 | 50 50 50 50 120 90 75 75 96 96 45 103 112 110 90 61 70 29 28 28 28 28 16 16 23 23 Average Speed 71 | 50 50 50 66 120 114 86 86 96 96 116 113 112 113 126 111 103 52 32 28 28 28 20 19 23 27 Slowest Speed 200 | 50 50 50 120 120 120 96 96 96 96 200 200 112 190 183 190 112 105 96 28 28 29 100 23 27 117 Overloaded Moves 135 | . . . . . . . . . . 15 . . . 11 32 35 . . . . . 11 7 . 24 Propulsion Burnouts . | . . . . . . . . . . . . . . . . . . . . . . . . . . Robots Hopped 26 | . . . . . . . . . . . . . . . . . . 4 . . 1 7 2 1 11 Potential Cave-ins 6 | . . . . . . . . . . . . . . . 4 . . . . . . . . . 2 Cave-ins Triggered . | . . . . . . . . . . . . . . . . . . . . . . . . . . Exploration Rate (%) 45 | 3 31 88 66 83 38 21 50 44 68 50 18 5 43 51 91 57 14 91 74 70 19 41 16 38 18 Regions Visited 25 Branch Regions 16 Pre-discovered Areas 6 | . . . 1 . . 3 1 . 1 . . . . . . . . . . . . . . . . Known Exits Taken 8 | . . . . . . 1 1 . . 1 1 1 . . . . 1 . . . 1 . 1 . . Unknown Exits Taken 17 | 1 1 1 1 1 1 . . 1 1 . . . 1 1 1 1 . 1 1 1 . 1 . 1 . Scrap Searched 22 | . . 1 . 2 . . 11 1 . 3 . . 2 1 . 1 . . . . . . . . . Spaces Dug 52 | . . . . . 2 3 2 . . . 15 . . 1 2 3 1 . . . 2 10 5 1 5 Terrain Destroyed 52 | . . . . . 2 3 2 . . . 15 . . 1 2 3 1 . . . 2 10 5 1 5 Melee 52 | . . . . . 2 3 2 . . . 15 . . 1 2 3 1 . . . 2 10 5 1 5 Projectile . | . . . . . . . . . . . . . . . . . . . . . . . . . . AOE . | . . . . . . . . . . . . . . . . . . . . . . . . . . Terrain Rammed . | . . . . . . . . . . . . . . . . . . . . . . . . . . Walls Destroyed . | . . . . . . . . . . . . . . . . . . . . . . . . . . Machines Disabled . | . . . . . . . . . . . . . . . . . . . . . . . . . . Actions | -11 -10 -10 -10 -9 -8 -7 -7 -7 -7 -6 -6 -5 -5 -5 -5 -4 -4 -4 -4 -4 -4 -3 -2 -2 -1 --------- Run | Yrd Mat Min Exi Min Mat Fac Low Low Dat Pro Fac Fac Upp Upp War Pro Fac Ext Cet Arc Hub Res Res Qua Acc Total 13895 | 72 98 453 398 368 538 986 458 444 111 346 971 252 323 626 1198 444 458 1599 536 89 152 1890 435 180 470 Wait 2534 | . . . . 8 211 296 102 131 36 45 102 28 . 80 218 10 53 559 361 54 . 154 35 . 51 Move 10197 | 58 94 443 389 357 268 644 317 306 75 278 789 207 305 446 858 369 352 898 157 34 141 1490 354 175 393 Hop 19 | . . . . . . . . . . . . . . . . . . 2 . . 1 5 2 1 8 Pick Up 175 | 8 3 2 4 1 10 12 5 . . 2 16 . 3 19 26 13 9 6 2 . 2 30 1 1 . Fast Attach 54 | . . . . . 3 1 3 . . 3 7 . . . 2 2 6 5 2 . . 16 2 . 2 Attach 152 | 3 . 4 3 1 7 8 2 . . 3 7 4 5 17 20 18 13 5 1 . 1 27 2 . 1 Detach 24 | . . 2 . . . 1 . . . 1 1 1 1 2 2 3 2 3 . . . 4 1 . . Swap 25 | . . . . . 1 1 1 . . . 2 . . 2 5 1 1 3 1 . . 5 2 . . Drop 108 | 3 . 1 2 . 2 7 6 . . 1 5 . 1 6 15 3 12 10 4 . 1 24 3 1 1 Fire . | . . . . . . . . . . . . . . . . . . . . . . . . . . Melee 465 | . . . . 1 36 16 22 7 . 13 42 12 8 40 16 25 10 34 8 1 3 135 20 2 14 Ram 2 | . 1 1 . . . . . . . . . . . . . . . . . . . . . . . Kick . | . . . . . . . . . . . . . . . . . . . . . . . . . . Crush . | . . . . . . . . . . . . . . . . . . . . . . . . . . Escape Stasis 23 | . . . . . . . . . . . . . . . . . . 7 . . 3 . 13 . . Rewire 101 | . . . . . . . . . . . . . . 8 36 . . 57 . . . . . . . Trap 16 | . . . . . . . . . . . . . . 6 . . . 10 . . . . . . . Miscellaneous . | . . . . . . . . . . . . . . . . . . . . . . . . . . Route ------- -11/Scrapyard -10/Materials -10/Mines (discovered 4 exits: [*Mat x2] / *Exi / Sub) -10/Exiles -9/Mines -8/Materials -7/Factory (discovered 6 exits: Fac x4 / *Low x2) -7/Lower Caves -7/Lower Caves (discovered 2 exits: *Fac / *Dat) -7/Data Miner -6/Proximity Caves -6/Factory (discovered 6 exits: *Fac x4 / Low x2) -5/Factory (discovered 3 exits: *Fac / *Upp x2) -5/Upper Caves -5/Upper Caves -5/Warlord -4/Proximity Caves -4/Factory -4/Extension (discovered 2 exits: *Res / *Cet) -4/Cetus (discovered 2 exits: *Res / [*Arc]) -4/Archives -4/Hub_04(d) (discovered 3 exits: *Res x3) -3/Research (discovered 3 exits: *Res / Arm / *Tes) -2/Research -2/Quarantine -1/Access To Epsilon Eridani History --------- Turn | Location | Event 5 | -11/Scrapyard | Discovered new exit (range 16) 43 | -11/Scrapyard | Entered Materials 92 | -10/Materials | Discovered new exit (range 6) 95 | -10/Materials | Entered Mines 197 | -10/Mines | Discovered new exit (range 13) 206 | -10/Mines | Identified exit to Subcaves 218 | -10/Mines | A weapon hastily lodged in a ceiling crevice suddenly fell to the ground 275 | -10/Mines | Discovered new exit (range 2) 304 | -10/Mines | Build established: Mutant 324 | -10/Mines | Deemed a non-threat by the Exiles lab entrance 324 | -10/Mines | Discovered new exit (range 5) 326 | -10/Mines | Entered Exiles 340 | -10/Exiles | Met 8R-AWN 347 | -10/Exiles | Met EX-HEX 394 | -10/Exiles | Learned location of Zion (-6) 447 | -10/Exiles | Met EX-DEC 455 | -10/Exiles | Met EX-BIN 462 | -10/Exiles | Aligned with FarCom system 463 | -10/Exiles | Given EX-Vault access code 474 | -10/Exiles | Opened EX-Vault 480 | -10/Exiles | Found Potential Leg 484 | -10/Exiles | Found Potential Leg 509 | -10/Exiles | Warned to stay clear of 0b10 Research branches 584 | -10/Exiles | Discovered new exit (range 10) 594 | -10/Exiles | Left Exiles lab with Potential Leg 594 | -10/Exiles | Entered Mines 920 | -9/Mines | Assisted by bots powering up and referring to "LRC-V3" 1014 | -9/Mines | Received a Rocket Launcher from a helpful Derelict 1017 | -9/Mines | Discovered new exit (range 10) 1035 | -9/Mines | Entered Materials 1035 | -8/Materials | Accompanied by 3 allies 1035 | -8/Materials | Evolved 4 slots: Propulsion x1, Utility x3 1147 | -8/Materials | Lost 3 allies 1381 | -8/Materials | Build established: Hacker-Mutant 1584 | -8/Materials | Lost 4 parts (1p2n1u) 1617 | -8/Materials | Core integrity fell below 50% 1665 | -8/Materials | Discovered new exit (range 4) 1668 | -8/Materials | Entered Factory 1668 | -7/Factory | Evolved 2 slots: Propulsion x1, Utility x1 1669 | -7/Factory | Identified exit to Lower Caves 1845 | -7/Factory | Fabricated B-48 Gladiator? 2013 | -7/Factory | Identified exit to Factory 2227 | -7/Factory | Discovered exit to Lower Caves (range 6) 2278 | -7/Factory | Build established: Hacker-Gladiator 2326 | -7/Factory | Learned location of Warlord (-5) 2377 | -7/Factory | Learned 2 Lower Caves zone layouts 2448 | -7/Factory | Learned Extension emergency access door positions 2477 | -7/Factory | Learned 2 Hub_04(d) zone layouts 2508 | -7/Factory | Learned location of 1 exit from Lower Caves 2538 | -7/Factory | Learned Extension emergency access door positions 2579 | -7/Factory | Learned location of Proximity Caves (-5) 2595 | -7/Factory | Entered Lower Caves 2596 | -7/Lower Caves | Encountered a Warlord checkpoint 2596 | -7/Lower Caves | Identified exit to Lower Caves 2891 | -7/Lower Caves | Learned Factory non-interactive machine intel 3048 | -7/Lower Caves | Entered another Lower Caves area 3083 | -7/Lower Caves | Encountered a Warlord checkpoint 3483 | -7/Lower Caves | Attracted the attention of an 0b10 checkpoint 3483 | -7/Lower Caves | Discovered new exit (range 11) 3493 | -7/Lower Caves | Entered Data Miner 3493 | -7/Data Miner | Discovered new exit (range 6) 3512 | -7/Data Miner | Met Data Miner 3545 | -7/Data Miner | Learned location of Section 7 (-2) 3545 | -7/Data Miner | Acquired the access code to Warlord's prototype stash 3566 | -7/Data Miner | Received God Mode back door access code from Data Miner 3602 | -7/Data Miner | Entered Proximity Caves 3619 | -6/Proximity Caves | Spotted B-75 Beast 3679 | -6/Proximity Caves | Lost 5 parts (1p2n2u) 3686 | -6/Proximity Caves | Attracted the attention of an 0b10 checkpoint 3717 | -6/Proximity Caves | Core integrity fell below 50% 3827 | -6/Proximity Caves | Escorted by Enhanced Grunt 3839 | -6/Proximity Caves | Lost 3 parts (1n1u1w) 3997 | -6/Proximity Caves | Build established: Hacker-Mutant 4017 | -6/Proximity Caves | Entered Factory 4017 | -6/Factory | Evolved 2 slots: Power x1, Utility x1 4018 | -6/Factory | Loaded intel: 213 non-interactive machine locations 4365 | -6/Factory | Build established: Hacker-Gladiator 4547 | -6/Factory | Identified exit to Lower Caves 4623 | -6/Factory | Identified exit to Factory 5143 | -6/Factory | Entered another Factory area 5143 | -5/Factory | Evolved 2 slots: Propulsion x1, Utility x1 5302 | -5/Factory | Identified exit to Upper Caves 5317 | -5/Factory | Incoming investigation squad redirected 5409 | -5/Factory | Discovered new exit (range 6) 5444 | -5/Factory | Entered Upper Caves 5757 | -5/Upper Caves | Discovered new exit (range 5) 5822 | -5/Upper Caves | Entered another Upper Caves area 5896 | -5/Upper Caves | Attracted the attention of an 0b10 outpost 6018 | -5/Upper Caves | System corruption reached 10% 6067 | -5/Upper Caves | Lost 5 parts (1p1n3u) 6211 | -5/Upper Caves | System corruption reached 30% 6314 | -5/Upper Caves | Spotted B-75 Beast 6321 | -5/Upper Caves | Build established: Scavenger-Gladiator 6326 | -5/Upper Caves | Destroyed B-75 Beast 6637 | -5/Upper Caves | Discovered new exit (range 7) 6644 | -5/Upper Caves | Entered Warlord 6699 | -5/Warlord | System corruption cleaned by Quarantine Array 6950 | -5/Warlord | Opened Warlord's prototype stash 6970 | -5/Warlord | Found Prototype Reactor 6971 | -5/Warlord | Identified Vortex Chain Reactor 6984 | -5/Warlord | Found Prototype Processor 6986 | -5/Warlord | Found Prototype Device 6988 | -5/Warlord | Identified Thermal Barrier 6995 | -5/Warlord | Identified Spectral Analyzer 7058 | -5/Warlord | Visited the Vortex Lab 7067 | -5/Warlord | Found Prototype Piercing Weapon 7069 | -5/Warlord | Found Prototype Piercing Weapon 7075 | -5/Warlord | Warlord's base attacked by MAIN.C 7206 | -5/Warlord | Met Warlord 7410 | -5/Warlord | Found Prototype Device 7412 | -5/Warlord | Found Prototype Device 7425 | -5/Warlord | Warlord forces counterattacked 7427 | -5/Warlord | Identified Minesniffer Drone Bay (x2) 7476 | -5/Warlord | Spotted Executioner 7496 | -5/Warlord | Spotted Striker 7499 | -5/Warlord | Spotted Striker 7614 | -5/Warlord | Lost 22 allies 7750 | -5/Warlord | Warlord base infiltrated, sounded retreat 7751 | -5/Warlord | Enhanced Grunt warped into view 7751 | -5/Warlord | Enhanced Grunt warped into view 7751 | -5/Warlord | Enhanced Grunt warped into view 7751 | -5/Warlord | Enhanced Demolisher warped into view 7751 | -5/Warlord | Enhanced Demolisher warped into view 7751 | -5/Warlord | Enhanced Demolisher warped into view 7777 | -5/Warlord | Spotted Striker 7800 | -5/Warlord | Spotted B-75 Beast 7810 | -5/Warlord | Spotted Striker 7813 | -5/Warlord | Spotted B-86 Titan 7830 | -5/Warlord | Spotted Executioner 7838 | -5/Warlord | Spotted Executioner 7840 | -5/Warlord | Spotted Striker 7842 | -5/Warlord | Spotted Executioner 7875 | -5/Warlord | Rewired Striker 7889 | -5/Warlord | Spotted B-86 Titan 7892 | -5/Warlord | Spotted B-75 Beast 7895 | -5/Warlord | Identified Vortex Lance (x2) 7943 | -5/Warlord | Spotted Striker 7949 | -5/Warlord | Discovered new exit (range 18) 7952 | -5/Warlord | Lost 16 allies 7960 | -5/Warlord | Entered Proximity Caves 7973 | -4/Proximity Caves | Core integrity fell below 50% 7980 | -4/Proximity Caves | Lost 11 parts (1p4n4u2w) 8034 | -4/Proximity Caves | Spotted B-86 Titan 8063 | -4/Proximity Caves | Destroyed B-86 Titan 8085 | -4/Proximity Caves | Lost 3 parts (1p1n1u) 8125 | -4/Proximity Caves | Learned Research security intel 8149 | -4/Proximity Caves | Learned 4 Research zone layouts 8189 | -4/Proximity Caves | Build established: Scavenger-Mutant 8299 | -4/Proximity Caves | Attracted the attention of an 0b10 checkpoint 8422 | -4/Proximity Caves | Core integrity fell below 20% 8431 | -4/Proximity Caves | Discovered new exit (range 9) 8439 | -4/Proximity Caves | Entered Factory 8439 | -4/Factory | Accompanied by 7 allies 8439 | -4/Factory | Evolved 2 slots: Propulsion x1, Utility x1 8440 | -4/Factory | Identified exit to Extension 8459 | -4/Factory | Lost 9 parts (1p5n2u1w) 8595 | -4/Factory | Lost 3 parts (1p1n1u) 8738 | -4/Factory | Entered Extension 8753 | -4/Extension | Rescued a captive Derelict 8761 | -4/Extension | Rescued a captive Derelict 8778 | -4/Extension | Rescued a captive Derelict 8807 | -4/Extension | Rescued a captive Derelict 8815 | -4/Extension | Rescued a captive Derelict 8851 | -4/Extension | Lost 3 allies 8862 | -4/Extension | Rescued a captive Derelict 8877 | -4/Extension | Rescued A7 9001 | -4/Extension | Rescued a captive Derelict 9005 | -4/Extension | Rescued a captive Derelict 9132 | -4/Extension | Build established: Commander-Sprinter 9182 | -4/Extension | Spotted B-86 Titan 9254 | -4/Extension | Spotted B-86 Titan 9284 | -4/Extension | Allies destroyed B-86 Titan 9297 | -4/Extension | Allies destroyed B-86 Titan 9338 | -4/Extension | Rescued a captive Derelict 9350 | -4/Extension | Rescued a captive Derelict 9386 | -4/Extension | Incoming investigation squad redirected 9393 | -4/Extension | Rescued a captive Derelict 9485 | -4/Extension | Rescued a captive Derelict 9485 | -4/Extension | Rescued a captive Derelict 9635 | -4/Extension | Discovered new exit (range 10) 9635 | -4/Extension | Discovered new exit (range 6) 9771 | -4/Extension | Entered Cetus 9771 | -4/Cetus | Accompanied by 18 allies (A7) 9776 | -4/Cetus | Acquired a Cetus Manufacturing Module code from A7 9792 | -4/Cetus | Spotted Cetus Guard 9792 | -4/Cetus | Spotted Cetus Guard 9796 | -4/Cetus | Spotted Cetus Guard 9800 | -4/Cetus | Allies destroyed Cetus Guard 9814 | -4/Cetus | Allies destroyed Cetus Guard 9814 | -4/Cetus | Spotted Cetus Guard 9818 | -4/Cetus | Allies destroyed Cetus Guard 9823 | -4/Cetus | Allies destroyed Cetus Guard 9863 | -4/Cetus | Started Cetus Manufacturing Module 9871 | -4/Cetus | Escorted A7 to Cetus Mainframe 9888 | -4/Cetus | Manufactured an Enhanced Grunt 9913 | -4/Cetus | Manufactured an Enhanced Grunt 9928 | -4/Cetus | Discovered new exit (range 23) 9938 | -4/Cetus | Manufactured an Enhanced Grunt 9963 | -4/Cetus | Manufactured an Enhanced Grunt 9974 | -4/Cetus | Spotted Cetus Guard 9974 | -4/Cetus | Spotted Cetus Guard 9976 | -4/Cetus | Spotted Cetus Guard 9979 | -4/Cetus | Allies destroyed Cetus Guard 9979 | -4/Cetus | Spotted Cetus Guard 9988 | -4/Cetus | Manufactured an Enhanced Grunt 9990 | -4/Cetus | Allies destroyed Cetus Guard 9994 | -4/Cetus | Allies destroyed Cetus Guard 9998 | -4/Cetus | Allies destroyed Cetus Guard 9999 | -4/Cetus | Discovered new exit (range 24) 10006 | -4/Cetus | Met Revision 17 10134 | -4/Cetus | Murdered A7 10137 | -4/Cetus | Extracted ID and sensor layout for unrecognized location from A7's data core 10205 | -4/Cetus | Entered Archives 10205 | -4/Archives | Accompanied by 19 allies 10213 | -4/Archives | Met Zhirov 10213 | -4/Archives | Discovered new exit (range 22) 10219 | -4/Archives | Reinforcements dispatched to Archives 10264 | -4/Archives | Reinforcements dispatched to Archives 10271 | -4/Archives | Entered Hub_04(d) 10271 | -4/Hub_04(d) | Accompanied by 12 allies 10272 | -4/Hub_04(d) | Identified exit to Research 10300 | -4/Hub_04(d) | Discovered exit to Research (range 12) 10303 | -4/Hub_04(d) | Discovered exit to Research (range 12) 10326 | -4/Hub_04(d) | Entered Research 10326 | -3/Research | Evolved 2 slots: Propulsion x2 10327 | -3/Research | Identified exit to Armory 10456 | -3/Research | Fabricated Cld. Cesium-ion Thruster (x1) 10470 | -3/Research | Spotted B-86 Titan 10526 | -3/Research | Revision forces began assault on 0b10 10571 | -3/Research | Fabricated B-74 Champion? 10611 | -3/Research | Discovered new exit (range 18) 10617 | -3/Research | Lost 3 parts (1n2u) 10670 | -3/Research | Met up with Revision 17++ 10755 | -3/Research | Lost 3 parts (2n1u) 10778 | -3/Research | Identified exit to Testing 10948 | -3/Research | Lost 8 parts (1p4n3u) 11009 | -3/Research | Lost 4 parts (1p2n1u) 11026 | -3/Research | Research terminal network offline 11047 | -3/Research | Build established: Scavenger-Sprinter 11069 | -3/Research | Discovered new exit (range 22) 11201 | -3/Research | Entered another Research area 11201 | -2/Research | Evolved 2 slots: Propulsion x1, Utility x1 11214 | -2/Research | Spotted B-90 Cyclops 11378 | -2/Research | Discovered new exit (range 7) 11379 | -2/Research | Identified exit to Quarantine 11384 | -2/Research | Entered Quarantine 11385 | -2/Quarantine | Maximum security lockdown engaged 11407 | -2/Quarantine | Found Alien Reactor 11427 | -2/Quarantine | Discovered new exit (range 22) 11433 | -2/Quarantine | Entered Access 11433 | -1/Access | Evolved 2 slots: Power x1, Propulsion x1 11437 | -1/Access | Identified exit to Surface 11447 | -1/Access | Build established: Scavenger-Scout 11601 | -1/Access | Identified Matter Drive 11647 | *** | Escaped! Last Messages --------------- 11615_ Xenon Bombardment Thruster+ destroyed. 11621_ System corrupted: Heat flow error (+252). 11626_ S-43 Plague destroyed. 11631_ Xenon Bombardment Thruster+ destroyed. 11632_ Field Propulsion Array destroyed. 11633_ S-43 Plague destroyed. [Achievement: Melee Specialist] 11637_ Enh. Force Lance follow-up attack on S-43 Plague. 11637_ S-43 Plague suffers critical hit (Impale). 11637_ Destroyed Xenon Bombardment Thruster. 11637_ S-43 Plague destroyed. 11638_ Xenon Bombardment Thruster+ destroyed. 11639_ S-43 Plague destroyed. 11641_ Main Access Shell breached. 11642_ S-43 Plague destroyed. 11645_ Adv. Heat Sink destroyed. 11645_ P-80 Master resets S-43 Plague, system corruption cleaned. Map ----- +----------------------------------------------------+ | #?# #????#????????????????????????????????? | | ??# "" #???#?????#???????????????????????????? | | ??# """ #???#?#???????????????????????????????? | | #?# "T #???#???????#?????????????????????????? | | ??# """ #???#?#????#?#????????????????????????? | | ??# "" #???#?##???####?##????????????????????? | | ?## #?######??#?#??###????????????????????? | | ?## ##?#?###?#####???#?#??????????????????? | | ### " ####?#######?########?#???????????????? | | ??# """ ##??#####??##?##?##?##? ??????????????? | | ??# """ ###########???###?##?#??#?????????????? | | ### " # ?? ? ? ?? ????????????? | | ### # ?? ? ? ? ? g g ??????????? | | ""# # ####??# ??? ? "?###?### ??????????? | | "" # ###?##?? ? "?##?#??????????????? | | "# " #?##### ? ""#?###?? ?????????? | | ## # ###?##? ? T?####?# ?#????????? | | #######+### #######? ? ? ???###?#?? ?????????? | | #### ####?##? ?? ? ""??####???###??????? | | #### "#?#?#? ?? ? ""###?###??##???????? | | ##?# #####C;######""""""""""""###???#??#???????? | | ####? # = ####[ ##??? ? "" ???????? | | #??# # *% p p#s* ### ??? ??????????? | | ##?# # [ ; s%s="""""" #?#? ??""""???????? | | #??#? # " #%s " ?### ? ?"?? ??????? | | # ####==" @" " #?# ??"""????????? | | ? # #??#= " "" " ?#?# ?????"? ??????? | | # #### " " ### ? ???" ?????? | | = #"" #### """""" ?## ?? ""????????? | | #"" #### ??? ??## ?? ?? ????????? | | #"" ##?#"""""?""??###? ?? ????????? | | #T ####""?""?"""?### ?????????? | | #"" #?#?"""""?""?"?#? ? ? ? ????????? | | #"" = ##??""?"?""???#?# ?? "????????? | | #+######"" ###? ?? ##? ?""T?????????? | | ???? ## ###? BB? BB?#?#? "??????????? | | ???? ?## ##?? BB? BB ###?####??????????? | | ??? ??##############? ? ? ? #?#??#????????????? | | ???????#?##########??? ??? ?? ??##?#?????????????? | | ???????#??##?#??####?? ? ? ? ??###?????????????? | | ?????????#?##?####?##? ??? ??###???????????????? | | ???????????#?#????#####?? ??##?#?#???????????????? | | ??????????????#######?##????#? ??????????????????? | | ????????????????######??? ???????????????????????? | | ???????????????????? ???? ??????????????????????? | | ?????????????????????????????????????????????????? | | ?????????????????????????????????????????????????? | | ?????????????????????????????????????????????????? | | ?????????????????????????????????????????????????? | | ?????????????????????????????????????????????????? | +----------------------------------------------------+ Best States ------------- Heat Dissipation 103 Energy Generation 55 Energy Capacity 1050 Matter Stores 300 Matter Capacity 300 Sight Range 24 Terrain Scan Range 20 Terrain Scan Density 410 Jamming Range 14 Additional Mass Support 12 Corruption Block 20 Armor Coverage 825 Resistance: TH 50 Propulsion Shielding 33 Melee Speed Boost 20 Phase Shifting 10 Evasion (%) 76 Melee Accuracy 24 Target Analysis 8 Offensive Hacking 23 Defensive Hacking 31 Authchip Count 1 Item Schematics ----------------- Lgt. Regenerative Plating | -7/Data Miner | Free Combat Drone Bay | -7/Data Miner | Free Exp. Targeting Computer | -7/Data Miner | Free Cld. Cesium-ion Thruster | -7/Data Miner | Free Imp. Heavy Laser | -7/Data Miner | Free Antigrav System | -7/Data Miner | Free Adv. Field Recycling Unit | -7/Data Miner | Free Mass Driver | -7/Data Miner | Free Railgun | -7/Data Miner | Free Antigrav Array | -4/Extension | Hacked Robot Schematics ------------------ G-47 Trooper | -7/Data Miner | Free B-48 Gladiator | -7/Data Miner | Free S-27 Virus | -7/Data Miner | Free O-24 Administrator | -7/Data Miner | Free R-10 Processor | -7/Data Miner | Free A-15 Conveyor | -4/Extension | Hacked Fabricated ------------ B-48 Gladiator | x3 | -7/Factory | Preloaded Cld. Cesium-ion Thruster | x1 | -3/Research | Authchip B-74 Champion | x3 | -3/Research | Preloaded Repaired ---------- Nothing Studied --------- VSS Leg | -7/Factory | Hacked Xenon Bombardment Thruster | -3/Research | Hacked Lance | -3/Research | Hacked Alien Tech Used ----------------- Matter Drive Achievements -------------- Melee Specialist Challenges ------------ None Game ------ Seed TractorStrikeStatue Manual? 0 Play Time 01:55:33 Cumulative 706.8 hours Start 2026.02.17 @ 11:50:03 End 2026.02.17 @ 14:09:30 Sessions 1 Manual Loads 0 Difficulty Rogue Special Mode None Game No. 878 Rogue 878 Adventurer 0 Explorer 0 Win Type 0 Total 26 Types 13/1/3/3/2/0/2/2/0/0 Lore% 96 Gallery% 91 Achievement% 83 Wizard Run 0 Options --------- Layout 2 ASCII 0 Keyboard 0 Movement Mouse Keybinds 0 Fullscreen 2 Font 24/Tamsyn Map View 50x44 Zoom Use 0% Tactical HUD 1 Map Filters NONE Filters NONE Steam 1 RUN: 281de42b-fdc3-4fe2-896b-13156440bf40